 Dungeon Crawl Stone Soup version 0.27.1 (webtiles) character file.

Game seed: 5799092289655078695

295 VictoriousLee the Digger (level 6, -8/32 HPs)
             Began as a Gargoyle Earth Elementalist on Aug 29, 2021.
             Mangled by a hornet (13 damage)
             ... on level 4 of the Dungeon.
             The game lasted 00:22:28 (4322 turns).

VictoriousLee the Digger (GrEE)                     Turns: 4322, Time: 00:22:30

Health: -8/32      AC:  7    Str: 12    XL:     6   Next: 34%
Magic:  3/10       EV: 11    Int: 17    God:
Gold:   148        SH:  0    Dex: 10    Spells: 5/11 levels left

rFire    . . .     SeeInvis .   d - +0 club
rCold    . . .     Faith    .   (no shield)
rNeg     + . .     Spirit   .   x - +0 leather armour
rPois    ∞         Reflect  .   (no helmet)
rElec    +         Harm     .   (no cloak)
rCorr    .         Rampage  .   (no gloves)
Will     .....                  (no boots)
Stlth    ++........             (no amulet)
HPRegen  0.10/turn              (no ring)
MPRegen  0.12/turn              (no ring)

@: no status effects
A: sickness immunity, AC +4, negative energy resistance 1, electricity
resistance, torment resistance 1, petrification resistance
a: no special abilities


You were on level 4 of the Dungeon.
You visited 1 branch of the dungeon, and saw 4 of its levels.

You collected 148 gold pieces.

Inventory:

Hand Weapons
 d - a +0 club (weapon)
 o - a +0 hunting sling of freezing
 u - a +0 mace
 w - a +0 flail
 D - a +0 flail
Missiles
 c - 104 stones
 l - 46 bolts
 s - 6 javelins
 t - 39 arrows
 v - 19 poisoned darts
Armour
 a - a +0 chain mail
 b - a +0 robe
 j - a +0 ring mail
 n - a +0 scale mail
 x - a +0 leather armour (worn)
Jewellery
 y - an amulet of faith
Wands
 r - a wand of polymorph (4)
Scrolls
 e - a scroll of teleportation
 i - a scroll of amnesia {unknown}
 p - a scroll of vulnerability {unknown}
 q - a scroll of torment {unknown}
 C - a scroll of acquirement {unknown}
Potions
 f - a potion of degeneration
 k - 2 potions of flight
 m - a potion of cancellation
 z - a potion of attraction
 A - a potion of curing
 B - a potion of brilliance


   Skills:
 - Level 1.5 Dodging
 - Level 2.1 Stealth
 + Level 3.2 Spellcasting
 - Level 5.0 Conjurations
 - Level 0.7 Transmutations
 - Level 5.0 Earth Magic


You had 5 spell levels left.
You knew the following spells:

 Your Spells              Type           Power      Damage    Failure   Level
a - Stone Arrow           Conj/Erth      38%        3d9       9%          3
p - Passwall              Tmut/Erth      10%        N/A       10%         2
s - Sandblast             Erth           38%        2d10      2%          1

Your spell library contained the following spells:

 Spells                   Type           Power      Damage    Failure   Level
 Petrify                  Tmut/Erth      12%        N/A       54%         4
 Airstrike                Air            1%         N/A       91%         4
 Summon Lightning Spire   Summ/Air       2%         N/A       91%         4
 Lightning Bolt           Conj/Air       5%         1d17      91%         5


Dungeon Overview and Level Annotations

Branches:
Dungeon (4/15)
 Temple: D:4-7

Altars:
Uskayaw


Innate Abilities, Weirdness & Mutations

You are immune to sickness and miasma.
Your stone body is resilient. (AC +4)
You are immune to poison.
You resist negative energy. (rN+)
You are resistant to electric shocks. (rElec)
You are resistant to unholy torment.
You are immune to petrification.


Message History

* * * LOW HITPOINT WARNING * * *
Okay, then.
Okay, then.
Aiming: Sandblast (safe; 2% risk of failure)
Press: ? - help, Q - select action, (/) - cycle Shift-Dir - straight line, f/p - hornet
Aim: a hornet (lightly wounded, 69% to hit)
Okay, then.
Blink to where?
Press: ? - help, Dir - move target, p - hornet
As you read the scroll of blinking, it crumbles to dust.
Aiming: Sandblast (safe; 2% risk of failure)
Press: ? - help, Q - select action, (/) - cycle Shift-Dir - straight line, f - hornet
Aim: a hornet (lightly wounded, 69% to hit)
The blast of sand hits the hornet but does no damage.
The hornet is lightly wounded.
Aiming: Sandblast (safe; 2% risk of failure)
Press: ? - help, Q - select action, (/) - cycle Shift-Dir - straight line, f/p - hornet
Aim: a hornet (lightly wounded, 69% to hit)
The blast of sand hits the hornet but does no damage.
The hornet is lightly wounded.
The hornet closely misses you.
Aiming: Sandblast (safe; 2% risk of failure)
Press: ? - help, Q - select action, (/) - cycle Shift-Dir - straight line, f/p - hornet
Aim: a hornet (lightly wounded, 69% to hit)
The blast of sand hits the hornet!
The hornet is heavily wounded.
The hornet stings you.
* * * LOW HITPOINT WARNING * * *
Aiming: Sandblast (safe; 2% risk of failure)
Press: ? - help, Q - select action, (/) - cycle Shift-Dir - straight line, f/p - hornet
Aim: a hornet (heavily wounded, 69% to hit)
The blast of sand misses the hornet.
The hornet stings you but does no damage. x2
Aiming: Sandblast (safe; 2% risk of failure)
Press: ? - help, Q - select action, (/) - cycle Shift-Dir - straight line, f/p - hornet
Aim: a hornet (heavily wounded, 69% to hit)
The blast of sand hits the hornet.
The hornet is heavily wounded.
The hornet stings you!
You die...

#.......#.#.......
#.......#.##.#.###
####.##.........#
#......<.....#..#
#.##.##......#..#
#.##.##...........
#.##.........## ## ###.
#.#####......# #....
#.#####.#@y..# .....
#...[...#.##.# ....#.
#######.#.##.#####......
#.......y........#
##...#####§#.#...
#...##.†.........
####...##.##.#.##..#
#.........$.#.#.#
..............(.# #


You could see a hornet.

Vanquished Creatures
  A scorpion (D:2)
  A howler monkey (D:4)
  An iguana (D:3)
  4 gnolls (D:4)
  5 adders
  An adder skeleton (D:4)
  A dart slug (D:1)
  17 bats
  4 endoplasms
  6 giant cockroaches
  5 goblins
  3 hobgoblins
  11 jackals
  A quokka (D:1)
  9 ball pythons
  A frilled lizard (D:2)
  3 kobolds
  8 rats
82 creatures vanquished.

Notes
Turn   | Place    | Note
-------+----------+-------------------------------------------
     0 | D:1      | VictoriousLee the Gargoyle Earth Elementalist began the
                  | quest for the Orb.
     0 | D:1      | Reached XP level 1. HP: 10/10 MP: 3/3
   204 | D:1      | Reached XP level 2. HP: 11/15 MP: 5/5
   449 | D:1      | Learned a level 2 spell: Passwall
   984 | D:1      | Reached XP level 3. HP: 17/19 MP: 6/6
  1025 | D:1      | Reached skill level 5 in Earth Magic
  1487 | D:2      | Learned a level 3 spell: Stone Arrow
  1519 | D:2      | Reached skill level 1 in Conjurations
  1677 | D:2      | Noticed a scorpion
  2100 | D:2      | Reached XP level 4. HP: 24/24 MP: 5/7
  2182 | D:2      | Found a hide-covered altar of Uskayaw.
  2241 | D:2      | Killed a scorpion
  2242 | D:2      | Reached XP level 5. HP: 11/28 MP: 0/8
  3087 | D:3      | Found a faded altar of an unknown god.
  3954 | D:4      | Reached skill level 5 in Conjurations
  3954 | D:4      | Reached XP level 6. HP: 32/32 MP: 6/9
  4302 | D:4      | Noticed a hornet
  4322 | D:4      | Mangled by a hornet

Illustrated notes

Levels and vault maps discovered:
D:1:      lemuel_arrival_river_passageway, layout_basic, lemuel_old_faithful
D:2:      layout_loops_ring, basic_altar, minmay_tromino_mix6
D:3:      layout_loops_ring, hellmonk_ecumenical_altar_arch_garden,
          roderic_batcave, grunt_ministairs_9, amethyst_killhole,
          serial_park_tiny_pond, kennysheep_generic_room_11
D:4:      layout_loops_cross, nicolae_take_the_stairs

Skill      XL: |  1  2  3  4  5  6 |
---------------+-------------------+-----
Earth Magic    | 4 5 |  5.0
Conjurations   | 2 3 5 |  5.0
Spellcasting   | 3 |  3.2
Dodging        | |  1.5
Stealth        | |  2.1
Transmutations | |  0.7

Action                   |  1- 3 |  4- 6 || total
-------------------------+-------+-------++-------
Melee: Club              |   138 |   207 ||   345
Throw: Dart              |       |     5 ||     5
 Cast: Sandblast         |    20 |    40 ||    60
  Use: Scroll            |       |     9 ||     9
 Stab: Sleeping          |     1 |     1 ||     2
Armor: Robe              |    68 |    28 ||    96
       Leather armour    |       |   123 ||   123
Dodge: Dodged            |   139 |   227 ||   366
